 Dungeon Crawl Stone Soup version 0.26.1-11-gd32895ea62 (webtiles) character file.

Game seed: 13515207594325040492

52 DildoBatman the Conjurer (level 4, 0/31 HPs)
             Began as a Formicid Conjurer on July 15, 2021.
             Slain by a rat (1 damage)
             ... on level 2 of the Dungeon.
             The game lasted 00:03:47 (796 turns).

DildoBatman the Conjurer (Formicid Conjurer)         Turns: 796, Time: 00:03:48

Health: 0/31       AC:  3    Str: 12    XL:     4   Next: 8%
Magic:  3/7        EV: 12    Int: 17    God:
Gold:   78         SH:  0    Dex: 10    Spells: 4/7 levels left

rFire    + . .     SeeInvis +   h - +0 short sword
rCold    x . .     Faith    .   (no shield)
rNeg     . . .     Spirit   .   a - +0 robe
rPois    .         Reflect  .   (helmet unavailable)
rElec    .         Harm     .   (no cloak)
rCorr    .         Rampage  .   j - +0 pair of gloves
Will     .....                  (no boots)
Stlth    ++........             l - amulet of inaccuracy (curse)
HPRegen  0.10/turn              b - ring of fire
MPRegen  0.10/turn              (no ring)

@: no status effects
A: permanent stasis, dig shafts and tunnels, four strong arms, antennae 3
a: Dig, Shaft Self


You were on level 2 of the Dungeon.
You visited 1 branch of the dungeon, and saw 2 of its levels.

You collected 78 gold pieces.

Inventory:

Hand Weapons
 h - a +0 short sword (weapon)
Missiles
 f - 16 sling bullets
 g - 10 stones
 i - 21 arrows
Armour
 a - a +0 robe (worn)
 j - a +0 pair of gloves (worn)
Jewellery
 b - a ring of fire (left hand)
 k - an uncursed ring of fire
 l - a cursed amulet of inaccuracy (around neck)
Scrolls
 c - a scroll of immolation {unknown}
 d - a scroll of remove curse {unknown}
 e - a scroll of enchant armour {unknown}
 m - a scroll of random uselessness {unknown}
 n - a scroll of identify {unknown}


   Skills:
 * Level 0.6 Fighting
 * Level 0.6 Armour
 - Level 1.7 Dodging
 - Level 2.4 Stealth
 * Level 2.4 Spellcasting
 * Level 4.6 Conjurations


You had 4 spell levels left.
You knew the following spells:

 Your Spells              Type           Power        Failure   Level
a - Searing Ray           Conj           34%          4%          2
c - Magic Dart            Conj           68%          2%          1

Your spell library contained the following spells:

 Spells                   Type           Power        Failure   Level
 Dazzling Flash           Conj/Hex       18%          22%         3
 Fulminant Prism          Conj/Hex       4%           56%         4
 Iskenderun's Mystic Bla  Conj/Tloc      9%           56%         4


Dungeon Overview and Level Annotations

Branches:
Dungeon (2/15)

Altars:

Annotations:
D:2 Natasha


Innate Abilities, Weirdness & Mutations

You cannot be hasted, slowed, berserked, paralysed or teleported.
You can dig through walls and to a lower floor.
Your four strong arms can wield two-handed weapons with a shield.
You have a pair of large antennae on your head. (SInv)


Message History

What are your orders? t - Shout!
Orders for allies: a - Attack new target. r - Retreat! s - Stop attacking. g - Guard the area. f - Follow me.
Anything else - Cancel.
You shout for attention!
The kobold closely misses you. The rat completely misses you.
The frilled lizard closely misses you. What are your orders? t - Shout!
Orders for allies: a - Attack new target. r - Retreat! s - Stop attacking. g - Guard the area. f - Follow me.
Anything else - Cancel.
You shout for attention!
The kobold hits you but does no damage. The rat bites you.
You die...

######..................#
....)...##.####......?..#
.........#..# #..{......#
.........##.# #####.....#
[.[.......#.#. .#.....#
............#. .#........
........[.#.#.###.#..####..
............#..#r.#.## {.
............#..l@.###
..........{.###K######
###............(.....#
........###.##†#####..#
...[.##.....##.#
...#........##.#
............#..#
............#.#.
............#. .


You could see a kobold, a frilled lizard and a rat.

Vanquished Creatures
  An adder (D:2)
  An ooze (D:2)
  A dart slug (D:2)
  3 giant cockroaches (D:1)
  4 goblins
  4 hobgoblins
  A quokka (D:2)
  8 bats
  2 frilled lizards (D:1)
  6 kobolds
  5 rats
36 creatures vanquished.

Notes
Turn   | Place    | Note
-------+----------+-------------------------------------------
     0 | D:1      | DildoBatman the Formicid Conjurer began the quest for the
                  | Orb.
     0 | D:1      | Reached XP level 1. HP: 13/13 MP: 3/3
   175 | D:1      | Reached skill level 4 in Conjurations
   175 | D:1      | Reached XP level 2. HP: 19/19 MP: 1/5
   253 | D:1      | Learned a level 2 spell: Searing Ray
   378 | D:1      | Reached XP level 3. HP: 24/24 MP: 2/6
   642 | D:2      | Noticed Natasha
   772 | D:2      | Reached XP level 4. HP: 23/31 MP: 0/7
   794 | D:2      | HP: 1/31 [rat (3)]
   796 | D:2      | Slain by a rat

Illustrated notes

Levels and vault maps discovered:
D:1:      wander_arrival_lonely_grave, layout_rooms
D:2:      layout_rooms, lemuel_crystal_altar, kennysheep_generic_room_13,
          uniq_natasha, uniq_sigmund

Skill      XL: |  1 |
---------------+----+-----
Conjurations   | 4 |  4.6
Fighting       | |  0.6
Armour         | |  0.6
Dodging        | |  1.7
Stealth        | |  2.4
Spellcasting   | |  2.4

Action                   |  1- 3 |  4- 6 || total
-------------------------+-------+-------++-------
Melee: Unarmed           |    12 |       ||    12
       Short sword       |    26 |       ||    26
 Cast: Magic Dart        |    29 |       ||    29
       Searing Ray       |     7 |       ||     7
 Abil: Dig               |     4 |       ||     4
 Stab: Sleeping          |     1 |       ||     1
Armor: Robe              |    17 |    14 ||    31
Dodge: Dodged            |    46 |    31 ||    77
